 Dungeon Crawl Stone Soup version 0.28.0 (webtiles) character file.

Game seed: 6497667778717087341

39 SnakkuSnakku7 the Insei (level 3, -1/24 HPs)
             Began as a Vampire Fire Elementalist on Feb 14, 2022.
             Succumbed to an adder's poison
             ... on level 2 of the Dungeon.
             The game lasted 00:01:53 (1026 turns).

SnakkuSnakku7 the Insei (Vampire Fire Elementalist) Turns: 1026, Time: 00:01:53

Health: -1/24      AC:  2    Str:  9    XL:     3   Next: 28%
Magic:  5/6        EV: 12    Int: 17    God:
Gold:   24         SH:  0    Dex: 14    Spells: 5/6 levels left

rFire   . . .      SeeInvis +     - Unarmed
rCold   . . .      Faith    .   (no shield)
rNeg    . . .      Spirit   .   a - +0 robe
rPois   .          Reflect  .   (no helmet)
rElec   .          Harm     .   (no cloak)
rCorr   .          Rampage  .   (no gloves)
Will    .....                   (no boots)
Stlth   ++........              (no amulet)
HPRegen 0.28/turn               (no ring)
MPRegen 0.10/turn               (no ring)

@: lethally poisoned (-1 -> -17), healing quickly, invisible
A: alive, fangs 3, see invisible, vampiric 2
a: Exsanguinate


You were on level 2 of the Dungeon.
You visited 1 branch of the dungeon, and saw 2 of its levels.

You collected 24 gold pieces.

Inventory:

Armour
 a - a +0 robe (worn)
Scrolls
 b - 2 scrolls of identify {unknown}
 e - 2 scrolls of enchant weapon {unknown}
 g - a scroll of magic mapping {unknown}
Potions
 c - a potion of lignification {unknown}
 f - a potion of magic {unknown}


   Skills:
 - Level 2.1 Dodging
 - Level 3.0 Stealth
 + Level 3.3 Unarmed Combat
 - Level 2.0 Spellcasting
 - Level 0.6 Conjurations
 - Level 2.4 Fire Magic


You had 5 spell levels left.
You knew the following spells:

 Your Spells              Type           Power      Damage    Failure   Level
a - Foxfire               Conj/Fire      24%        2x1d5     11%         1

Your spell library contained the following spells:

 Spells                   Type           Power      Damage    Failure   Level
 Scorch                   Fire           18%        2d6       11%         2
 Conjure Flame            Conj/Fire      6%         6-21      30%         3
 Inner Flame              Hex/Fire       5%         N/A       34%         3
 Flame Wave               Conj/Fire      6%         2d5       71%         4
 Chain Lightning          Conj/Air       1%         3d1       100%        9
 Fire Storm               Conj/Fire      3%         8d1       100%        9
 Shatter                  Erth           0%         3d5*      100%        9


Dungeon Overview and Level Annotations

Branches:
Dungeon (2/15)

Altars:


Innate Abilities, Weirdness & Mutations

Your natural rate of healing is accelerated.
You have razor-sharp teeth.
You have supernaturally acute eyesight. (SInv)
You are afflicted with vampirism and can become a bat while bloodless.


Message History

The adder is heavily wounded.
The adder bites you.
You barely miss the adder.
The adder is heavily wounded.
The adder bites you. x2
You miss the adder.
The adder is heavily wounded.
The adder barely misses you.
You hit the adder but do no damage. Your punch misses the adder.
The adder is heavily wounded.
The adder bites you.
You miss the adder. Your bite misses the adder.
The adder is heavily wounded.
The adder bites you.
You are poisoned.
The adder poisons you!
You feel sick. The adder bites you but does no damage.
You feel sick.
Casting: Foxfire (safe; 11% risk of failure)
Press: ? - help, Q - select action Dir - look around, f - activate You conjure some foxfire!
You feel sick. The adder bites you.
* * * LOW HITPOINT WARNING * * *
Unknown command.
You miss the adder.
The adder is heavily wounded.
You feel sick.
The foxfire hits the adder.
The adder is heavily wounded.
The foxfire hits the adder.
The adder is severely wounded.
The adder bites you.
* * * LOW HITPOINT WARNING * * *
You are lethally poisoned!
The adder poisons you! The adder bites you.
* * * LOW HITPOINT WARNING * * *
You are more poisoned.
The adder poisons you!
It was a potion of invisibility.
You fade into invisibility!
You die...

..## ..# ### ..#
.. ..# .. #.### #.
#<.. #.###.# #
..###...ยง.####..#
........#@Sh....#
#######)#######.#
#.# #####.# ###
#..####.....# ..#
#...........# #.#
#..####.###......#
#.# #.# ######.#
#.# #.# #<#


You could see an adder and a jackal.

Vanquished Creatures
  A dart slug (D:1)
  2 bats (D:1)
  4 goblins
  5 hobgoblins
  6 jackals
  4 ball pythons
  8 frilled lizards
  2 kobolds (D:1)
  5 rats (D:1)
37 creatures vanquished.

Vanquished Creatures (others)
  23 foxfires
  2 plants (D:2)
25 creatures vanquished.

Grand Total: 62 creatures vanquished

Notes
Turn   | Place    | Note
-------+----------+-------------------------------------------
     0 | D:1      | SnakkuSnakku7 the Vampire Fire Elementalist began the quest
                  | for the Orb.
     0 | D:1      | Reached XP level 1. HP: 13/13 MP: 3/3
    34 | D:1      | Reached skill level 1 in Unarmed Combat
   170 | D:1      | Reached XP level 2. HP: 15/19 MP: 5/5
   836 | D:1      | Gained mutation: You are afflicted with vampirism and can
                  | become a bat while bloodless. [Vampire growth]
   836 | D:1      | Reached XP level 3. HP: 24/24 MP: 6/6
  1026 | D:2      | Succumbed to an adder's poison

Illustrated notes

Levels and vault maps discovered:
D:1:      dpeg_arrival_central, layout_loops_ring
D:2:      layout_loops_ring, shapermc_ecumenical_altar_rom_forum

Skill      XL: |  1  2 |
---------------+-------+-----
Unarmed Combat | 1 3 |  3.3
Dodging        | |  2.1
Stealth        | |  3.0
Spellcasting   | |  2.0
Conjurations   | |  0.6
Fire Magic     | |  2.4

Action                   || total
-------------------------++-------
Melee: Unarmed           ||   112
       Punch             ||     1
       Bite              ||     8
 Cast: Foxfire           ||    12
  Use: Potion            ||     1
 Stab: Sleeping          ||     3
Armor: Robe              ||    21
Dodge: Dodged            ||    70
